 Dungeon Crawl Stone Soup version 0.20.0-10-g0535bb4 (webtiles) character file.

261 skittles the Firebug (level 5, 0/45 HPs)
             Began as a Draconian Fire Elementalist on June 3, 2017.
             Slain by a gnoll
             ... wielding a +0 spear
              (2 damage)
             ... on level 3 of the Dungeon.
             The game lasted 00:14:03 (3459 turns).

skittles the Firebug (Draconian Fire Elementalist)  Turns: 3459, Time: 00:14:04

Health: 0/45       AC:  5    Str: 11    XL:     5   Next: 96%
Magic:  8/8        EV:  7    Int: 16    God:
Gold:   101        SH:  0    Dex: 11    Spells: 0/8 levels left

rFire    . . .     SeeInvis .   q - +0 dagger (venom)
rCold    . . .     Gourm    .   (no shield)
rNeg     . . .     Faith    .   (armour unavailable)
rPois    .         Spirit   .   (helmet restricted)
rElec    .         Reflect  .   (no cloak)
rCorr    .         Harm     .   (no gloves)
MR       .....                  (no boots)
Stlth    ++........             (no amulet)
Regen    0.2/turn               (no ring)
MPRegen  0.2/turn               (no ring)

@: flying, held
A: unfitting armour, cold-blooded, AC +5
a: no special abilities


You were on level 3 of the Dungeon.
You were not hungry.

You visited 1 branch of the dungeon, and saw 3 of its levels.

You collected 101 gold pieces.

Inventory:

Hand Weapons
 d - a +0 long sword
 o - a +0 trident
 q - a +0 dagger of venom (weapon)
Wands
 t - a wand of lightning (9/15)
Scrolls
 c - a scroll of amnesia {unknown}
 h - 2 scrolls of enchant weapon {unknown}
 j - a scroll of recharging {unknown}
 k - a scroll of teleportation {unknown}
 n - 3 scrolls of remove curse {unknown}
 p - 2 scrolls of identify {unknown}
Potions
 e - a potion of brilliance {unknown}
 f - a potion of resistance {unknown}
 g - a potion of curing
 l - a potion of mutation {unknown}
 r - a potion of haste {unknown}
Books
 a - a book of Flames

   Spells                             Type                      Level
   a - Flame Tongue                   Conjuration/Fire             1
   b - Throw Flame                    Conjuration/Fire             2
   c - Conjure Flame                  Conjuration/Fire             3
   d - Inner Flame                    Hexes/Fire                   3
   e - Sticky Flame                   Conjuration/Fire             4
   f - Fireball                       Conjuration/Fire             5
Comestibles
 b - 4 bread rations
 i - 3 royal jellies
 m - 3 fruits


   Skills:
 + Level 3.0 Fighting
 + Level 3.3 Dodging
 - Level 1.7 Stealth
 - Level 2.0 Spellcasting
 + Level 2.8 Conjurations
 + Level 4.1 Fire Magic


You couldn't memorise any spells.
You knew the following spells:

 Your Spells              Type           Power        Failure   Level  Hunger
a - Flame Tongue          Conj/Fire      ##...        4%          1    #......
b - Conjure Flame         Conj/Fire      ##......     16%         3    ###....
c - Sticky Flame          Conj/Fire      ##......     45%         4    #####..


Dungeon Overview and Level Annotations

Branches:
Dungeon (3/15)

Altars:


Innate Abilities, Weirdness & Mutations

Your plain brown scales are hard. (AC +5)
You cannot fit into any form of body armour.
You are cold-blooded and may be slowed by cold attacks.


Message History

You see here a throwing net.
You struggle against the net.
The bat closely misses you.
The gnoll hits you from afar with a spear.
* * * LOW HITPOINT WARNING * * *
The gnoll barely misses you.
It was a potion of curing.
You feel better.
You kill the gnoll!
Your Fighting skill increases to level 3!
The bat hits you but does no damage. x2
The gnoll hits you from afar with a spear.
* * * LOW HITPOINT WARNING * * *
The gnoll hits you from afar with a halberd!
* * * LOW HITPOINT WARNING * * *
Okay, then.
It was a potion of flight.
You feel very buoyant.
You fly up into the air.
The bat hits you.
* * * LOW HITPOINT WARNING * * *
The gnoll hits you from afar with a spear.
You die...

#.#.##.#.......# #)#
#.#.##.#.......####.####
#......#.......##......#
#...####.......##.#.##.#
#........).†...##.#.##.#
#..####..g#<.#.##.#..#.#
#..####...#..#.##.##.#.#
#...........)#.##.##.#.#######
##.........g.@.##.............
#.........g.........#.####..#
#####.........b...#######.####.##
.....##...##...#.## #.#....##
####.#######.#.#(# #.#.##.## #.#
#.#.#.# #...##..# #.# #.....#
###........ #.# ##...##
##........## #.# #...#
##......##.#


You could see 2 gnolls and a bat.

Vanquished Creatures
  The ghost of skittles the Firebug, a weakling DrFE (D:3)
  An orc wizard (D:3)
  Robin (D:2)
  2 gnolls (D:3)
  6 adders (D:2)
  4 worms
  2 dart slugs
  A leopard gecko (D:2)
  8 orcs (D:3)
  4 giant cockroaches
  12 goblins
  12 hobgoblins
  8 kobolds
  3 ball pythons
  9 bats
  7 frilled lizards
  4 rats
85 creatures vanquished.

Notes
Turn   | Place    | Note
-------+----------+-------------------------------------------
     0 | D:1      | skittles the Draconian Fire Elementalist began the quest for the Orb.
     0 | D:1      | Reached XP level 1. HP: 14/14 MP: 3/3
   323 | D:1      | Reached XP level 2. HP: 19/22 MP: 5/5
   631 | D:1      | Reached skill level 1 in Fighting
   932 | D:2      | Reached XP level 3. HP: 18/28 MP: 0/6
  1476 | D:2      | Noticed Robin
  1522 | D:2      | Killed Robin
  1563 | D:2      | Reached XP level 4. HP: 12/36 MP: 3/7
  2399 | D:3      | Reached XP level 5. HP: 19/42 MP: 0/8
  2416 | D:3      | Noticed skittles's ghost (weakling DrFE)
  2598 | D:2      | Learned a level 3 spell: Conjure Flame
  2603 | D:2      | Learned a level 4 spell: Sticky Flame
  2771 | D:3      | Killed skittles's ghost
  2771 | D:3      | Reached skill level 4 in Fire Magic
  3457 | D:3      | HP: 2/44 [gnoll/spear (1)]
  3459 | D:3      | Slain by a gnoll

Skill      XL: |  1  2  3  4  5 |
---------------+----------------+-----
Dodging        | 2 3 |  3.3
Fighting       | 1 2 3 |  3.0
Conjurations   | 2 |  2.8
Fire Magic     | 4 |  4.1
Stealth        | |  1.7
Spellcasting   | |  2.0

Action                   |  1- 3 |  4- 6 || total
-------------------------+-------+-------++-------
Melee: Dagger            |   115 |    29 ||   144
       Unarmed           |     9 |       ||     9
       Tailslap          |     9 |    11 ||    20
       Spear             |       |    41 ||    41
       Trident           |       |    63 ||    63
 Cast: Flame Tongue      |    37 |    46 ||    83
  Use: Potion            |       |     2 ||     2
 Stab: Sleeping          |     1 |     3 ||     4
  Eat: Chunk             |     2 |     8 ||    10
Armor: Skin              |    41 |    57 ||    98
Dodge: Dodged            |    90 |   118 ||   208
